 Dungeon Crawl Stone Soup version 0.28-b1-25-g9875b3fc8c (webtiles) character file.

Game seed: 2605014944551360630

2246 mcbry74 the Magician (level 9, -10/65 HPs)
             Began as a Gnoll Fire Elementalist on Feb 1, 2022.
             Was a Believer of Vehumet.
             Mangled by a hornet (12 damage)
             ... while paralysed by a hornet
             ... on level 7 of the Dungeon.
             The game lasted 00:41:08 (8138 turns).

mcbry74 the Magician (Gnoll Fire Elementalist)      Turns: 8138, Time: 00:41:09

Health: -10/65     AC:  7    Str:  8    XL:     9   Next: 37%
Magic:  33/36      EV:  2    Int: 19    God:    Vehumet [**....]
Gold:   39         SH:  0    Dex: 12    Spells: 10/21 levels left

rFire   . . .      SeeInvis .   k - staff of cold
rCold   + + +      Faith    .   (no shield)
rNeg    . . .      Spirit   .   L - +3 leather armour of the Turtledove {rC++ Slay+6}
rPois   .          Reflect  .   (no helmet)
rElec   .          Harm     .   (no cloak)
rCorr   .          Rampage  .   (no gloves)
Will    .....                   b - +0 pair of boots
Stlth   +++.......              (no amulet)
HPRegen 0.20/turn               d - ring of magical power
MPRegen 0.25/turn               x - ring of magical power

@: paralysed, lethally poisoned (-10 -> -20), about to teleport, slowed
A: fangs 1, strong nose, distributed training
a: Renounce Religion


You were on level 7 of the Dungeon.
You worshipped Vehumet.
Vehumet was pleased with you.
You visited 1 branch of the dungeon, and saw 7 of its levels.

You collected 266 gold pieces.
You spent 227 gold pieces at shops.

Inventory:

Hand Weapons
 h - a +0 dagger
 q - a +0 lajatang
 s - the +9 rapier of Charity {vorpal, rC+ Will- rCorr}
   (You found it on level 3 of the Dungeon)

   It inflicts extra damage upon your enemies.
   rC:        It protects you from cold.
   rCorr:     It protects you from acid and corrosion.
   Will:      It decreases your willpower.
 u - a +0 hand crossbow
 v - a +1 vorpal war axe
 y - a +2 dagger of holy wrath
 H - a +4 whip
 I - a +1 trident of holy wrath
Missiles
 n - 107 stones (quivered)
 o - 93 sling bullets
 p - 12 boomerangs
 J - a curare-tipped dart
Armour
 a - a +0 robe
 b - a +0 pair of boots (worn)
 c - a +3 ring mail
 L - the +3 leather armour of the Turtledove (worn) {rC++ Slay+6}
   (You bought it in a shop on level 4 of the Dungeon)

   Slay:      It affects your accuracy & damage with ranged weapons and melee
   (+6).
   rC:        It greatly protects you from cold.
Magical Staves
 k - a staff of cold (weapon)
 D - a staff of poison
Jewellery
 d - a ring of magical power (left hand)
 x - a ring of magical power (right hand)
Wands
 r - a wand of flame (19)
 z - a wand of paralysis (8)
 C - a wand of polymorph (8)
Scrolls
 e - a scroll of amnesia {unknown}
 f - a scroll of enchant weapon {unknown}
 g - 2 scrolls of identify
 i - a scroll of brand weapon {unknown}
 l - 2 scrolls of fear {unknown}
 m - 3 scrolls of teleportation
 t - a scroll of immolation {unknown}
 E - a scroll of magic mapping {unknown}
 F - a scroll of enchant armour {unknown}
 G - a scroll of vulnerability {unknown}
Potions
 j - 2 potions of magic
 w - 4 potions of might
 A - 4 potions of brilliance {unknown}
 B - a potion of curing {unknown}
 K - a potion of resistance {unknown}


   Skills:
 + Level 4.1 Fighting
 + Level 4.1 Short Blades
 + Level 4.1 Long Blades
 + Level 4.1 Axes
 + Level 4.1 Maces & Flails
 + Level 4.1 Polearms
 + Level 4.1 Staves
 + Level 4.1 Slings
 + Level 4.1 Bows
 + Level 4.1 Crossbows
 + Level 4.1 Throwing
 + Level 4.1 Armour
 + Level 6.2 Dodging
 + Level 6.0 Stealth
 + Level 4.1 Shields
 + Level 4.1 Unarmed Combat
 + Level 6.6 Spellcasting
 + Level 4.1 Conjurations
 + Level 3.4 Hexes
 + Level 3.4 Summonings
 + Level 3.4 Necromancy
 + Level 3.4 Translocations
 + Level 3.4 Transmutations
 + Level 6.5 Fire Magic
 + Level 3.4 Ice Magic
 + Level 3.4 Air Magic
 + Level 3.4 Earth Magic
 + Level 3.4 Poison Magic
 + Level 4.6 Invocations
 + Level 4.1 Evocations


You had 10 spell levels left.
You knew the following spells:

 Your Spells              Type           Power      Damage    Failure   Level
a - Foxfire               Conj/Fire      100%       2x1d9     1%          1
b - Inner Flame           Hex/Fire       25%        N/A       5%          3
c - Freeze                Ice            100%       1d11      3%          1
d - Scorch                Fire           62%        2d8       1%          2
e - Flame Wave            Conj/Fire      26%        2d7       16%         4

Your spell library contained the following spells:

 Spells                   Type           Power      Damage    Failure   Level
 Sandblast                Erth           38%        2d10      3%          1
 Conjure Flame            Conj/Fire      26%        6-21      4%          3
 Dazzling Flash           Conj/Hex       40%        N/A       9%          3
 Iskenderun's Mystic Bla  Conj/Tloc      20%        2d6       30%         4
 Olgreb's Toxic Radiance  Pois           19%        N/A       34%         4
 Starburst                Conj/Fire      13%        6d5       94%         6
 Ozocubu's Refrigeration  Ice            14%        4d7       100%        7
 Ignition                 Fire           15%        3d6       100%        8


Dungeon Overview and Level Annotations

Branches:
Dungeon (7/15)             Temple (0/1) D:5

Altars:
Ashenzari
Dithmenos
Fedhas
Gozag
Qazlal
Vehumet
Xom
Yredelemnul
The Shining One

Shops:
D:4 [*[[


Innate Abilities, Weirdness & Mutations

You have very sharp teeth.
Your uncanny sense of smell can sniff out nearby items.
Your experience applies equally to all skills.


Message History

Confirm with . or Enter, or press ? or * to list all spells.
Aiming: Freeze (safe; 3% risk of failure)
Press: ? - help, Shift-Dir - straight line, f/p - hornet
Aim: a hornet (lightly wounded)
You feel a surge of power!
You freeze the hornet.
The hornet is moderately wounded.
You feel sick. The hornet stings you.
You are more poisoned.
You feel yourself slow down.
Casting: Freeze (safe; 3% risk of failure)
Confirm with . or Enter, or press ? or * to list all spells.
Aiming: Freeze (safe; 3% risk of failure)
Press: ? - help, Shift-Dir - straight line, f/p - hornet
Aim: a hornet (moderately wounded)
You feel a surge of power!
You freeze the hornet!
The hornet is heavily wounded.
You feel very sick. The hornet barely misses you. The hornet stings you!
You are lethally poisoned!
You feel as though you will be slow longer.
Casting: Freeze (safe; 3% risk of failure)
Confirm with . or Enter, or press ? or * to list all spells.
Aiming: Freeze (safe; 3% risk of failure)
Press: ? - help, Shift-Dir - straight line, f/p - hornet
Aim: a hornet (heavily wounded)
You feel a surge of power!
You freeze the hornet!
The hornet is almost dead.
* * * LOW HITPOINT WARNING * * *
You feel extremely sick. The hornet barely misses you. x2
As you read the scroll labelled RIATAUJINA, it crumbles to dust.
You feel strangely unstable.
It was a scroll of teleportation.
* * * LOW HITPOINT WARNING * * *
You feel very sick. The hornet stings you!
* * * LOW HITPOINT WARNING * * *
You suddenly lose the ability to move!
The hornet stings you but does no damage.
The hornet stings you!
You die...

#.# #(# #.# #.#
#.##############.######.
#..................[....
################.######.
#......#
#########..###.#
+........>.# #.#
#.####@#.## #.#
#$y...... #.# #.#.##...
#.# #.#.# #.. #.# #.#.#
# #[# #.#.#∆ #.#####
#.#.# #.....# #.#
'.....#


You could see a hornet.

Vanquished Creatures
  A manticore (D:6)
  An ice beast (D:5)
  2 sky beasts (D:6)
  A necrophage (D:5)
  An ogre (D:5)
  3 centaurs (D:6)
  3 phantoms
  A kobold brigand (D:6)
  A bullfrog (D:7)
  A scorpion (D:5)
  2 water moccasin skeletons
  3 wights (D:6)
  A centaur zombie (D:7)
  An orc priest (D:7)
  4 hounds
  2 iguanas
  2 orc wizards
  Natasha (twice) (D:2)
  6 gnolls
  6 adders
  A white imp (D:6)
  An adder skeleton (D:4)
  2 worms (D:2)
  4 dart slugs
  13 orcs
  6 ball pythons
  7 bats
  9 endoplasms
  8 giant cockroaches
  12 goblins
  13 hobgoblins
  3 quokkas
  5 frilled lizards
  17 kobolds
  6 rats
151 creatures vanquished.

Vanquished Creatures (others)
  420 foxfires
420 creatures vanquished.

Grand Total: 571 creatures vanquished

Notes
Turn   | Place    | Note
-------+----------+-------------------------------------------
     0 | D:1      | mcbry74 the Gnoll Fire Elementalist began the quest for the
                  | Orb.
     0 | D:1      | Reached XP level 1. HP: 13/13 MP: 6/6
   175 | D:1      | Reached XP level 2. HP: 16/19 MP: 4/7
   565 | D:1      | Found a faded altar of an unknown god.
   745 | D:1      | Reached XP level 3. HP: 25/25 MP: 9/9
   794 | D:1      | Reached skill level 5 in Spellcasting
  1171 | D:2      | Noticed Natasha
  1174 | D:2      | Reached skill level 1 in Invocations
  1177 | D:2      | Killed Natasha
  1178 | D:2      | Reached skill level 1 in Fighting
  1178 | D:2      | Reached skill level 1 in Short Blades
  1178 | D:2      | Reached skill level 1 in Long Blades
  1178 | D:2      | Reached skill level 1 in Axes
  1178 | D:2      | Reached skill level 1 in Maces & Flails
  1178 | D:2      | Reached skill level 1 in Polearms
  1178 | D:2      | Reached skill level 1 in Staves
  1178 | D:2      | Reached skill level 1 in Slings
  1178 | D:2      | Reached skill level 1 in Bows
  1178 | D:2      | Reached skill level 1 in Crossbows
  1178 | D:2      | Reached skill level 1 in Throwing
  1178 | D:2      | Reached skill level 1 in Armour
  1178 | D:2      | Reached skill level 1 in Shields
  1178 | D:2      | Reached skill level 1 in Unarmed Combat
  1178 | D:2      | Reached skill level 1 in Evocations
  1178 | D:2      | Reached XP level 4. HP: 32/32 MP: 11/11
  1569 | D:2      | Noticed Natasha
  1572 | D:2      | Killed Natasha
  1573 | D:2      | Reached skill level 1 in Hexes
  1573 | D:2      | Reached skill level 1 in Summonings
  1573 | D:2      | Reached skill level 1 in Necromancy
  1573 | D:2      | Reached skill level 1 in Translocations
  1573 | D:2      | Reached skill level 1 in Transmutations
  1573 | D:2      | Reached skill level 1 in Ice Magic
  1573 | D:2      | Reached skill level 1 in Air Magic
  1573 | D:2      | Reached skill level 1 in Earth Magic
  1573 | D:2      | Reached skill level 1 in Poison Magic
  1738 | D:2      | Reached XP level 5. HP: 37/37 MP: 12/12
  1890 | D:2      | Learned a level 3 spell: Inner Flame
  2819 | D:3      | Found a broken altar of Ashenzari.
  3108 | D:3      | Found a radiant altar of Vehumet.
  3121 | D:3      | Became a worshipper of Vehumet
  3174 | D:3      | Reached XP level 6. HP: 37/44 MP: 13/13
  3231 | D:3      | Identified the +9 rapier of Charity {vorpal, rC+ Will-
                  | rCorr}
  3632 | D:4      | Found Feazonis's Antique Armour Shoppe.
  3658 | D:4      | Reached skill level 5 in Dodging
  3673 | D:4      | Found Geitimo's Antique Armour Emporium.
  3870 | D:4      | Found a stormy altar of Qazlal.
  3870 | D:4      | Found an opulent altar of Gozag.
  3933 | D:4      | Found Ravoff's Armour Shop.
  3933 | D:4      | Found Ficoaho's General Store.
  3961 | D:4      | Reached * piety under Vehumet
  3961 | D:4      | Offered knowledge of Freeze by Vehumet.
  3972 | D:4      | Bought a scroll of identify for 24 gold pieces
  4225 | D:5      | Entered Level 5 of the Dungeon
  4247 | D:5      | Learned a level 1 spell: Freeze
  4298 | D:5      | Reached XP level 7. HP: 47/50 MP: 15/15
  4901 | D:5      | Reached skill level 5 in Stealth
  5025 | D:5      | Found a staircase to the Ecumenical Temple.
  5154 | D:5      | Reached XP level 8. HP: 31/57 MP: 16/16
  5390 | D:5      | Found a shadowy altar of Dithmenos.
  5927 | D:6      | Noticed a manticore
  5959 | D:6      | Killed a manticore
  6331 | D:6      | Reached XP level 9. HP: 54/65 MP: 18/18
  6478 | D:6      | Offered knowledge of Sandblast by Vehumet.
  6825 | D:6      | Found a blossoming altar of Fedhas.
  6825 | D:6      | Found a faded altar of an unknown god.
  6833 | D:6      | Found a shimmering altar of Xom.
  6835 | D:6      | Found a glowing golden altar of the Shining One.
  6837 | D:6      | Found a basalt altar of Yredelemnul.
  6890 | D:6      | Reached ** piety under Vehumet
  7385 | D:6      | Learned a level 2 spell: Scorch
  7390 | D:6      | Learned a level 4 spell: Flame Wave
  8048 | D:4      | Bought a ruby-studded leather armour for 203 gold pieces
  8048 | D:4      | Identified the +3 leather armour of the Turtledove {rC++
                  | Slay+6} (You bought it in a shop on level 4 of the Dungeon)
  8130 | D:7      | Noticed a hornet
  8131 | D:7      | Paralysed by a hornet for 2 turns
  8138 | D:7      | HP: 2/65 [hornet (8)]
  8138 | D:7      | Paralysed by a hornet for 1 turns
  8138 | D:7      | Mangled by a hornet

Illustrated notes

Levels and vault maps discovered:
D:1:      nzn_arrival_settlement, layout_basic,
          hellmonk_ecumenical_altar_leap_of_faith, minmay_worlds_worst_comb
D:2:      layout_loops_corners, minivault_14, minmay_misc_feat_iff, uniq_natasha
D:3:      layout_basic, nicolae_overflow_hidden_temple, vehumet_altar_wand_db,
          minmay_randomly_rotated_circles
D:4:      layout_loops_cross, mainiacjoe_overflow_catwalk_spiral, serial_shops,
          nicolae_shop_statue_plus, shop_statue, nicolae_take_the_stairs,
          nicolae_shop_temple_entry_statues_fountains
D:5:      layout_loops_ring, grunt_dithmenos_smoke_and_mirrors, temple_doors_cd,
          item_on_display_b
D:6:      layout_basic, chequers_temple_overflow_minitemple,
          nicolae_elevator_lobby_plus
D:7:      layout_basic, mainiacjoe_overflow_alcove_2, minivault_14,
          uniq_prince_ribbit1, uniq_joseph

Skill      XL: |  1  2  3  4  5  6  7  8  9 |
---------------+----------------------------+-----
Conjurations   | 2 3 4 |  4.1
Spellcasting   | 5 6 |  6.6
Invocations    | 1 2 3 4 |  4.6
Fighting       | 1 2 3 4 |  4.1
Short Blades   | 1 2 3 4 |  4.1
Long Blades    | 1 2 3 4 |  4.1
Axes           | 1 2 3 4 |  4.1
Maces & Flails | 1 2 3 4 |  4.1
Polearms       | 1 2 3 4 |  4.1
Staves         | 1 2 3 4 |  4.1
Slings         | 1 2 3 4 |  4.1
Bows           | 1 2 3 4 |  4.1
Crossbows      | 1 2 3 4 |  4.1
Throwing       | 1 2 3 4 |  4.1
Armour         | 1 2 3 4 |  4.1
Shields        | 1 2 3 4 |  4.1
Unarmed Combat | 1 2 3 4 |  4.1
Evocations     | 1 2 3 4 |  4.1
Hexes          | 1 2 3 |  3.4
Summonings     | 1 2 3 |  3.4
Necromancy     | 1 2 3 |  3.4
Translocations | 1 2 3 |  3.4
Transmutations | 1 2 3 |  3.4
Ice Magic      | 1 2 3 |  3.4
Air Magic      | 1 2 3 |  3.4
Earth Magic    | 1 2 3 |  3.4
Poison Magic   | 1 2 3 |  3.4
Dodging        | 5 6 |  6.2
Stealth        | 5 6 |  6.0
Fire Magic     | 6 |  6.5

Action                   |  1- 3 |  4- 6 |  7- 9 || total
-------------------------+-------+-------+-------++-------
Melee: Unarmed           |     2 |     2 |       ||     4
       Dagger            |       |    18 |     6 ||    24
       Bite              |       |     4 |     7 ||    11
       Punch             |       |     1 |     5 ||     6
       Rapier            |       |    18 |    41 ||    59
       Staff             |       |       |    17 ||    17
       Lajatang          |       |       |     3 ||     3
Throw: Stone             |       |     9 |     2 ||    11
 Cast: Foxfire           |    46 |   104 |    91 ||   241
       Inner Flame       |       |     5 |     5 ||    10
       Freeze            |       |     2 |    10 ||    12
  Use: Scroll            |       |     3 |     1 ||     4
 Stab: Sleeping          |       |     1 |     2 ||     3
Armor: Robe              |     6 |    15 |     9 ||    30
       Leather armour    |       |       |     4 ||     4
Dodge: Dodged            |     8 |    39 |    57 ||   104
